 Dungeon Crawl Stone Soup version 0.30-a0-779-g7971cf19c3 (webtiles) character file.

Game seed: 4789743831237718809

42 Farfigtubin the Sneak (level 3, -1/22 HPs)
             Began as a Kobold Brigand on Feb 17, 2023.
             Slain by a goblin
             ... wielding a +0 club
             ... led by Robin
              (3 damage)
             ... on level 2 of the Dungeon.
             The game lasted 00:08:16 (759 turns).

Farfigtubin the Sneak (Kobold Brigand)               Turns: 759, Time: 00:08:16

Health: -1/22      AC:  3    Str:  8    XL:     3   Next: 77%
Magic:  3/3        EV: 15    Int: 12    God:
Gold:   126        SH:  0    Dex: 18    Spells: 2/2 levels left

rFire   . . .      SeeInvis .    a - +2 dagger
rCold   . . .      Faith    .    (no shield)
rNeg    . . .      Spirit   .    b - +0 robe
rPois   .          Reflect  .    (no helmet)
rElec   .          Harm     .    c - +0 cloak
rCorr   +          Rampage  .    (no gloves)
Will    .....                    (no boots)
Stlth   ++++                     (no amulet)
HPRegen 0.23/turn                f - ring of resist corrosion
MPRegen 0.08/turn                (no ring)

@: no status effects
A: small, no large weapons, nightstalker 3
a: no special abilities


You were on level 2 of the Dungeon.
You visited 1 branch of the dungeon, and saw 2 of its levels.

You collected 126 gold pieces.

Inventory:

Hand Weapons
 a - a +2 dagger (weapon)
Missiles
 d - 5 poisoned darts (quivered)
 e - 3 curare-tipped darts
Armour
 b - a +0 robe (worn)
 c - a +0 cloak (worn)
Jewellery
 f - a ring of resist corrosion (left hand)
 g - an amulet of guardian spirit
Scrolls
 h - a scroll of fear {unknown}
 j - a scroll of enchant weapon {unknown}
 l - 2 scrolls of brand weapon {unknown}
 n - a scroll of silence {unknown}
Potions
 i - a potion of heal wounds {unknown}
 k - a potion of invisibility {unknown}
 m - a potion of attraction {unknown}
 o - a potion of flight {unknown}
 p - a potion of cancellation {unknown}


   Skills:
 + Level 2.5 Fighting
 + Level 3.3 Short Blades
 + Level 2.5 Throwing
 + Level 2.1 Dodging
 * Level 5.9 Stealth
 + Level 0.2 Spellcasting


You had 2 spell levels left.
You didn't know any spells.
Your spell library contained the following spells:

 Spells                   Type           Power      Damage    Failure   Level
 Stone Arrow              Conj/Erth      0%         3d7       69%         3
 Animate Armour           Summ/Erth      0%         N/A       97%         4
 Lehudib's Crystal Spear  Conj/Erth      0%         10d2      100%        8


Dungeon Overview and Level Annotations

Branches:
Dungeon (2/15)

Altars:

Shops:
D:1 (


Innate Abilities, Weirdness & Mutations

You are small and have problems with some larger weapons.
You are completely attuned to the shadows.


Message History

Aim: Robin, wielding a +0 club, wearing a +0 animal skin and wearing a +0 helmet (heavily wounded, poisoned, 70% to hit)
You throw a poisoned dart. The poisoned dart hits Robin!
Robin looks even sicker.
Robin is heavily wounded.
Robin throws the goblin at you!
* * * LOW HITPOINT WARNING * * *
The goblin barely misses you. x2
You hit Robin but do no damage.
Robin is almost dead.
Robin laughs in a distinctly smug fashion.
The goblin closely misses you.
A goblin comes into view. It is wielding a +0 dagger.
The goblin hits you but does no damage.
The goblin shouts!
You hit Robin.
Robin is almost dead.
The goblin barely misses you. The goblin hits you with a +0 club.
* * * LOW HITPOINT WARNING * * *
Throw: 6 darts (poison)
Press: ? - help, Q - select action, (/) - cycle Shift-Dir - straight line, f/p - Robin
Aim: Robin, wielding a +0 club, wearing a +0 animal skin and wearing a +0 helmet (almost dead, very poisoned, 70% to hit)
You throw a poisoned dart. The poisoned dart hits Robin.
Robin looks as sick as possible!
Robin is almost dead.
You kill Robin!
Okay, then.
The goblin attacks as you move away! The goblin closely misses you.
A goblin comes into view. It is wielding a +0 dagger.
The goblin closely misses you.
Items here: ( ))) [[ †††.
The goblin hits you but does no damage. The goblin attacks as you move away!
The goblin barely misses you. The goblin attacks as you move away!
The goblin barely misses you.
The goblin no longer looks unusually strong.
The goblin attacks as you move away! The goblin hits you but does no damage.
The goblin no longer looks unusually strong.
The goblin attacks as you move away! The goblin hits you with a +0 club.
* * * LOW HITPOINT WARNING * * *
The goblin attacks as you move away! The goblin hits you with a +0 club.
You die...

#......## .........>.
#.......## ..#.#.......
#........## ....#.......
.......#..# #..........
#....####.########g#........
#.##†..##...gg......g##.....
#.........g#######g####.....
#####..........g.#####.#
#.gg..
...............^@......#
#/?...
..............###..#..##
#..g.. .....................##
#...g.
...............####.....
.............. .....#
.............. .......
..........................#
.................. ......#
..........................####


You could see 2 goblins.

Vanquished Creatures
  Robin (D:2)
  A dart slug (D:1)
  5 bats (D:1)
  2 endoplasms
  3 goblins
  A hobgoblin (D:2)
  6 jackals
  A quokka (D:1)
  3 ball pythons
  3 frilled lizards
  A kobold (D:1)
  A rat (D:1)
28 creatures vanquished.

Notes
Turn   | Place    | Note
-------+----------+-------------------------------------------
     0 | D:1      | Farfigtubin the Kobold Brigand began the quest for the Orb.
     0 | D:1      | Reached XP level 1. HP: 12/12 MP: 1/1
    78 | D:1      | Reached XP level 2. HP: 14/17 MP: 2/2
   106 | D:1      | Found Dubbareo's Antique Weapon Boutique.
   126 | D:1      | Found a faded altar of an unknown god.
   396 | D:1      | Reached XP level 3. HP: 22/22 MP: 3/3
   720 | D:2      | Noticed Robin
   747 | D:2      | Killed Robin
   759 | D:2      | Slain by a goblin

Illustrated notes

Levels and vault maps discovered:
D:1:      lightli_arrival_statuegarden, layout_rooms,
          dreamdust_ecumenical_altar_statues, serial_shops,
          nicolae_shop_temple_entry_statues_fountains
D:2:      layout_rooms, uniq_robin

Skill      XL: |  1  2  3 |
---------------+----------+-----
Short Blades   | 3 |  3.3
Dodging        | 2 |  2.1
Fighting       | |  2.5
Throwing       | |  2.5
Stealth        | |  5.9
Spellcasting   | |  0.2

Action                     || total
---------------------------++-------
  Melee: Dagger            ||    86
  Throw: Dart              ||     5
   Stab: Sleeping          ||     7
 Armour: Robe              ||    16
  Dodge: Dodged            ||    61

Table legend: (Time is in decaauts)
 A = Elapsed time spent in this place.
 B = Non-inter-level travel time spent in this place.
 C = Inter-level travel time spent in this place.
 D = Time resting spent in this place.
 E = Time spent auto-exploring this place.
 F = Levels seen in this place.
 G = Mean time per level.
                   A        B        C        D        E       F      G
               +--------+--------+--------+--------+--------+-----+--------+
         Total |    744 |    744 |      0 |      0 |      0 |   2 |  372.0 |
       Dungeon |    744 |    744 |      0 |      0 |      0 |   2 |  372.0 |
               +--------+--------+--------+--------+--------+-----+--------+

Top non-repeatable levels by time:
     D:1: 426 daAuts
     D:2: 318 daAuts
